 Dungeon Crawl Stone Soup version 0.26.0-20-g3ca415f5b8 (webtiles) character file.

Game seed: 8566711890301923729

114 thiole the Sneak (level 4, -7/27 HPs)
             Began as an Octopode Hedge Wizard on Jan 24, 2021.
             Killed from afar by Sigmund (12 damage)
             ... with a puff of flame
             ... on level 2 of the Dungeon.
             The game lasted 00:05:52 (2594 turns).

thiole the Sneak (Octopode Hedge Wizard)            Turns: 2594, Time: 00:05:53

Health: -7/27      AC:  1    Str:  9    XL:     4   Next: 98%
Magic:  0/9        EV: 13    Int: 17    God:
Gold:   73         SH:  0    Dex: 11    Spells: 1/10 levels left

rFire    . . .     SeeInvis .   f - +1 dagger (elec)
rCold    . . .     Faith    .   (no shield)
rNeg     . . .     Spirit   .   b - +0 hat
rPois    .         Reflect  .   (no amulet)
rElec    .         Harm     .   (no ring)
rCorr    .         Rampage  .   (no ring)
Will     .....                  (no ring)
Stlth    +++.......             (no ring)
HPRegen  0.09/turn              (no ring)
MPRegen  0.11/turn              (no ring)
                                (no ring)
                                (no ring)

@: no status effects
A: almost no armour, stealthy swim, amphibious, 8 rings, constrict 8, camouflage
1, gelatinous body 1
a: no special abilities


You were on level 2 of the Dungeon.
You visited 1 branch of the dungeon, and saw 2 of its levels.

You collected 73 gold pieces.

Inventory:

Hand Weapons
 a - a +0 dagger
 f - a +1 dagger of electrocution (weapon)
Armour
 b - a +0 hat (worn)
Scrolls
 d - a scroll of magic mapping {unknown}
 e - a scroll of noise {unknown}
 g - a scroll of immolation {unknown}
 h - 2 scrolls of remove curse {unknown}
 i - a scroll of blinking {unknown}


   Skills:
 + Level 0.3 Fighting
 - Level 2.0 Dodging
 + Level 4.5 Stealth
 + Level 3.7 Spellcasting
 - Level 2.0 Conjurations
 - Level 2.0 Summonings
 - Level 1.0 Translocations
 + Level 0.3 Air Magic
 + Level 0.5 Poison Magic


You had one spell level left.
You knew the following spells:

 Your Spells              Type           Power        Failure   Level
a - Magic Dart            Conj           36%          7%          1
b - Call Imp              Summ           9%           11%         2
c - Conjure Flame         Conj/Fire      6%           32%         3
d - Mephitic Cloud        Conj/Pois/Air  6%           32%         3

Your spell library contained the following spells:

 Spells                   Type           Power        Failure   Level
 Blink                    Tloc           N/A          16%         2
 Slow                     Hex            3%           24%         2


Dungeon Overview and Level Annotations

Branches:
Dungeon (2/15)

Altars:

Annotations:
D:2 Sigmund


Innate Abilities, Weirdness & Mutations

You cannot wear most types of armour.
You are very stealthy in the water. (Stealth+)
You are amphibious.
You can wear up to eight rings at the same time.
You can use your tentacles to constrict eight enemies at once.
Your skin changes colour to match your surroundings (Stealth+).
Your rubbery body absorbs attacks. (AC +1, EV +1)


Message History

You hear a zap.
A puff of flame appears from out of thin air!
The puff of flame hits you!
Casting: Magic Dart (safe; 7% risk of failure)
Confirm with . or Enter, or press ? or * to list all spells.
The spell is extremely dangerous to cast (32% risk of failure)!
Continue anyway?
The fire begins to smolder!
A magic dart appears from out of thin air!
The magic dart hits you.
You hear some strange, mumbled words.
Something tries to affect you, but you resist.
The fire ignites!
You hear a zap.
A puff of flame appears from out of thin air!
The puff of flame hits you!
* * * LOW HITPOINT WARNING * * *
You hear a zap.
A puff of flame appears from out of thin air!
The puff of flame hits you!
You die...

# .. ... .... .....
......######## #########
........r{§..###########........
......######...@.......#........
..... ###########.......... ....
###........ ..... ######.## ##
#..### ##....... #...####
######..###.÷# ###....#
######....(.## ##(.
#########.###......###### ####(
#....##.......###### #....


You could see a rat.

Vanquished Creatures
  Robin (D:2)
  4 adders (D:2)
  2 oozes (D:2)
  A giant cockroach (D:1)
  3 hobgoblins
  2 jackals (D:1)
  12 kobolds
  2 ball pythons (D:1)
  5 bats
  3 frilled lizards
  9 goblins
  4 rats
48 creatures vanquished.

Vanquished Creatures (collateral kills)
  2 adders (D:2)
  A kobold (D:2)
3 creatures vanquished.

Grand Total: 51 creatures vanquished

Notes
Turn   | Place    | Note
-------+----------+-------------------------------------------
     0 | D:1      | thiole the Octopode Hedge Wizard began the quest for the
                  | Orb.
     0 | D:1      | Reached XP level 1. HP: 11/11 MP: 4/4
   236 | D:1      | Reached XP level 2. HP: 15/17 MP: 0/6
   651 | D:1      | Reached skill level 3 in Stealth
  1183 | D:1      | Reached XP level 3. HP: 21/21 MP: 4/7
  1224 | D:1      | Learned a level 2 spell: Call Imp
  1228 | D:1      | Learned a level 3 spell: Conjure Flame
  1762 | D:2      | Reached XP level 4. HP: 27/27 MP: 0/9
  1959 | D:2      | Reached skill level 4 in Stealth
  1960 | D:2      | Noticed Robin
  1965 | D:2      | Killed Robin
  2153 | D:2      | Learned a level 3 spell: Mephitic Cloud
  2325 | D:2      | Noticed Sigmund
  2594 | D:2      | Killed from afar by Sigmund

Illustrated notes

Levels and vault maps discovered:
D:1:      minmay_arrival_three_doors, layout_loops_ring, grunt_decor_clamped
D:2:      layout_rooms, patterned_corridor, uniq_robin, uniq_sigmund

Skill      XL: |  1  2  3  4 |
---------------+-------------+-----
Stealth        | 3 4 |  4.5
Conjurations   | 2 |  2.0
Summonings     | 2 |  2.0
Fighting       | |  0.3
Dodging        | |  2.0
Spellcasting   | |  3.7
Translocations | |  1.0
Air Magic      | |  0.3
Poison Magic   | |  0.5

Action                   |  1- 3 |  4- 6 || total
-------------------------+-------+-------++-------
Melee: Dagger            |    22 |    21 ||    43
       Constrict         |     4 |     6 ||    10
       Tentacles         |     3 |     2 ||     5
 Cast: Magic Dart        |    67 |    40 ||   107
       Call Imp          |     4 |       ||     4
       Conjure Flame     |       |     1 ||     1
  Use: Potion            |       |     1 ||     1
 Stab: Sleeping          |       |     1 ||     1
Armor: Skin              |     7 |     2 ||     9
Dodge: Dodged            |    38 |    24 ||    62
